 Dungeon Crawl Stone Soup version 0.20.1-1-g8b1a95d (webtiles) character file.

14477 polve the Slicer (level 12, -3/72 HPs)
             Began as a Kobold Berserker on July 29, 2017.
             Was a High Priest of Trog.
             Slain by an enormous slime creature (51 damage)
             ... on level 10 of the Dungeon on July 30, 2017.
             The game lasted 00:18:13 (10974 turns).

polve the Slicer (Kobold Berserker)                Turns: 10974, Time: 00:18:14

Health: -3/72      AC:  5    Str: 15    XL:     12   Next: 45%
Magic:  4/4        EV: 25    Int:  9    God:    Trog [*****.]
Gold:   730        SH:  7    Dex: 18    Spells: 11/11 levels left

rFire    . . .     SeeInvis .   b - +4 quick blade (antimagic)
rCold    . . .     Gourm    .   w - +0 buckler
rNeg     . . .     Faith    .   x - +0 leather armour
rPois    .         Spirit   .   i - +0 helmet
rElec    .         Reflect  .   u - +0 cloak
rCorr    .         Harm     .   k - +0 pair of gloves
MR       .....                  d - +0 pair of boots
Stlth    ++++......             r - amulet of regeneration
Regen    0.7/turn               (no ring)
MPRegen  0.1/turn               (no ring)

@: berserk cooldown
A: carnivore 3, deformed body, wild magic 1
a: Berserk, Trog's Hand, Brothers in Arms, Burn Spellbooks, Renounce Religion


You were on level 10 of the Dungeon.
You worshipped Trog.
Trog was extremely pleased with you.
You were very full.

You visited 1 branch of the dungeon, and saw 10 of its levels.
You also visited: Sewer.

You collected 796 gold pieces.
You spent 66 gold pieces at shops.

Inventory:

Hand Weapons
 b - a +4 antimagic quick blade (weapon)
Armour
 d - a +0 pair of boots (worn)
 i - a +0 helmet (worn)
 k - a +0 pair of gloves (worn)
 u - a +0 cloak (worn)
 w - a +0 buckler (worn)
 x - a +0 leather armour (worn)
Jewellery
 r - an amulet of regeneration (around neck)
Wands
 m - a wand of acid (7/15)
 y - a wand of iceblast (8/15)
 D - a wand of disintegration (13/24)
 M - a wand of flame (20/48)
Scrolls
 e - 7 scrolls of remove curse
 f - 2 scrolls of immolation
 j - 2 scrolls of recharging
 n - a scroll of enchant armour {unknown}
 o - 5 scrolls of enchant weapon
 p - 3 scrolls of blinking
 q - 5 scrolls of magic mapping
 v - 7 scrolls of teleportation
 A - a scroll of random uselessness {unknown}
 B - a scroll of noise {unknown}
 I - a scroll of amnesia {unknown}
Potions
 a - a potion of brilliance
 g - 2 potions of heal wounds
 h - 5 potions of curing
 l - 2 potions of lignification
 s - a potion of might
 t - a potion of flight
 z - a potion of haste
 E - a potion of cancellation
 F - 2 potions of agility
 J - a potion of resistance {unknown}
Books
 K - a book of Cantrips

   Spells                             Type                      Level
   a - Confusing Touch                Hexes                        1
   b - Animate Skeleton               Necromancy                   1
   c - Summon Small Mammal            Summoning                    1
   d - Apportation                    Translocation                1
   Trog disapproves of the use of such an item.
Comestibles
 c - 8 meat rations
 C - 8 royal jellies
 G - 2 chunks of flesh


   Skills:
 + Level 7.5 Fighting
 - Level 14.0 Short Blades
 - Level 1.5 Armour
 - Level 12.8 Dodging
 + Level 10.3 Stealth
 - Level 6.0 Shields


You had 11 spell levels left.
You didn't know any spells.

Dungeon Overview and Level Annotations

Branches:
Dungeon (10/15)            Temple (0/1) D:5             Orc (0/2) D:10
   Lair: D:8-11

Altars:
Ashenzari
Cheibriados
Dithmenos
Gozag
Hepliaklqana
Kikubaaqudgha
Makhleb
Nemelex Xobeh
Qazlal
Ru
Sif Muna
Trog
Uskayaw
Vehumet
Xom
The Shining One

Shops:
D:5 ?   D:8 *


Innate Abilities, Weirdness & Mutations

You are small and have problems with some larger weapons.
You are carnivorous and can eat meat at any time.
Armour fits poorly on your strangely shaped body.
Your spells are a little harder to cast, but a little more powerful.


Message History

You barely miss the slime creature.
The slime creature is heavily wounded.
You barely miss the slime creature.
The slime creature is heavily wounded.
The slime creature completely misses you.
You puncture the slime creature!
The slime creature is heavily wounded.
You hit the slime creature.
The slime creature is heavily wounded.
The slime creature barely misses you.
You hit the slime creature.
The slime creature is heavily wounded.
You hit the slime creature.
The slime creature is severely wounded.
Two slime creatures merge to form an enormous slime creature.
The enormous slime creature completely misses you.
You feel yourself speed up. The enormous slime creature hits you!!!
Ouch! That really hurt!
You die...

...# #.()).....(..#
.#.###(##########.#
.#..)..##########.# ##########
.###)###..........# #........# .#
#)# #.########># #.######.##
.###.###.########.### #.# #.....
......JJ#.....#.....# #.# #.#.##
#....###.####.#.###.###.####.#.##
##.### #.# #..J@................
#.## #####################..<..
.## ##...## ##...## ###.## ##
##.....###.....## #.## #
#.......#.......# #.##
######.......#.......# #..#
....##....(..#...)...# .#.()
.##.###.....###.....## .##.†#
.##.# ##...## ##...## .##..##


You could see an enormous slime creature.

Vanquished Creatures
  A death knight (D:10)
  5 two-headed ogres
  Pikel (D:5)
  A gargoyle (D:10)
  A queen bee (D:10)
  2 trolls
  5 slime creatures
  2 hippogriffs
  Eustachio (D:4)
  4 yaks (D:9)
  A wraith (D:10)
  A steam dragon (D:7)
  The ghost of Frank the Ducker, an amateur OpMo (D:3)
  2 insubstantial wisps (D:7)
  2 water moccasins
  A slave (D:5)
  2 ice beasts
  10 orc warriors
  6 sky beasts
  2 black bears (D:8)
  5 phantoms
  6 ogres
  5 centaurs
  A crocodile (Sewer)
  2 big kobolds
  6 bullfrogs
  A gnoll sergeant (D:5)
  A water moccasin zombie (D:9)
  2 scorpions
  3 wights (D:4)
  13 killer bees (D:10)
  A howler monkey (D:10)
  An oklob sapling (D:5)
  3 electric eels (D:10)
  2 crimson imps
  2 bullfrog zombies
  2 jellies
  A quasit (D:9)
  4 bullfrog skeletons
  3 orc priests
  5 hounds
  7 orc wizards
  4 centaur skeletons
  3 iguanas
  3 worker ants
  A howler monkey zombie (D:8)
  5 gnolls
  A howler monkey skeleton (D:6)
  15 adders
  2 shadow imps
  3 worms
  2 dart slugs
  7 leopard geckos
  43 orcs
  2 ball pythons
  16 bats
  6 giant cockroaches
  9 goblins
  10 hobgoblins
  10 jackals
  15 kobolds
  2 quokkas
  3 frilled lizards
  A jackal skeleton (D:9)
  2 leopard gecko skeletons (D:4)
  A quokka skeleton (D:5)
  A quokka zombie (D:5)
  10 rats
  A plant (D:5)
305 creatures vanquished.

Vanquished Creatures (others)
  A wizard (D:9)
  A slave (D:5)
  A sky beast (D:7)
  A crimson imp (D:10)
  2 orc wizards
  A worker ant (D:5)
  An adder (D:7)
  A plant (D:10)
9 creatures vanquished.

Grand Total: 314 creatures vanquished

Notes
Turn   | Place    | Note
-------+----------+-------------------------------------------
     0 | D:1      | polve the Kobold Berserker began the quest for the Orb.
     0 | D:1      | Reached XP level 1. HP: 14/14 MP: 1/1
     0 | D:1      | Noticed an orb of fire
     0 | D:1      | Noticed a tentacled monstrosity
     3 | D:1      | Noticed an ice dragon
     5 | D:1      | Noticed an iron dragon
     6 | D:1      | Noticed a tentacled monstrosity
     7 | D:1      | Noticed an ice dragon
     8 | D:1      | Noticed a tentacled monstrosity
    12 | D:1      | Noticed a large abomination
    12 | D:1      | Noticed a red draconian
    14 | D:1      | Noticed an iron dragon
    17 | D:1      | Noticed a tentacled monstrosity
    19 | D:1      | Noticed a white draconian
    19 | D:1      | Noticed a tentacled monstrosity
    19 | D:1      | Noticed a shadow dragon
    21 | D:1      | Noticed a black draconian
    23 | D:1      | Noticed a large abomination
    67 | D:1      | Reached skill level 1 in Stealth
   226 | D:1      | Reached XP level 2. HP: 6/19 MP: 2/2
   731 | D:1      | Reached XP level 3. HP: 23/23 MP: 3/3
  1299 | D:2      | Reached ** piety under Trog
  1312 | D:2      | Reached XP level 4. HP: 14/28 MP: 4/4
  1619 | D:2      | Reached skill level 5 in Stealth
  2268 | D:3      | Noticed Frank's ghost (amateur OpMo)
  2290 | D:3      | Killed Frank's ghost
  2290 | D:3      | Reached skill level 5 in Short Blades
  2290 | D:3      | Reached XP level 5. HP: 32/32 MP: 5/5
  2290 | D:3      | Reached XP level 6. HP: 37/37 MP: 6/6
  2380 | D:3      | Found a faded altar of an unknown god.
  2380 | D:3      | Noticed an orc warrior
  2406 | D:3      | Killed an orc warrior
  2406 | D:3      | Reached skill level 6 in Short Blades
  2412 | D:3      | Reached skill level 5 in Dodging
  2569 | D:3      | Reached XP level 7. HP: 41/41 MP: 7/7
  2835 | D:3      | Reached *** piety under Trog
  2933 | D:4      | Found a glowing golden altar of the Shining One.
  2956 | D:4      | Reached skill level 7 in Short Blades
  3164 | D:4      | Found an opulent altar of Gozag.
  3351 | D:4      | Noticed Eustachio
  3382 | D:4      | Killed Eustachio
  3417 | D:4      | Reached XP level 8. HP: 36/46 MP: 8/8
  3423 | D:4      | Reached skill level 8 in Short Blades
  3886 | D:5      | Entered Level 5 of the Dungeon
  3919 | D:5      | Found a glowing drain.
  3937 | Sewer    | Entered a sewer
  4309 | D:5      | Reached skill level 9 in Short Blades
  4365 | D:5      | Found a staircase to the Ecumenical Temple.
  4470 | D:5      | Found a stormy altar of Qazlal.
  4473 | D:5      | Found a snail-covered altar of Cheibriados.
  4473 | D:5      | Found a burning altar of Makhleb.
  4474 | D:5      | Noticed Pikel
  4519 | D:5      | Killed Pikel
  4519 | D:5      | Reached XP level 9. HP: 47/51 MP: 9/9
  4561 | D:5      | Found a shimmering altar of Xom.
  4578 | D:5      | Found Kyskioff's Magic Scroll Boutique.
  4840 | D:5      | Found a radiant altar of Vehumet.
  5079 | D:6      | Reached skill level 10 in Short Blades
  5675 | D:6      | Found a hazy altar of Hepliaklqana.
  5783 | D:6      | Reached **** piety under Trog
  6060 | D:6      | Found a sacrificial altar of Ru.
  6363 | D:7      | Reached skill level 11 in Short Blades
  6363 | D:7      | Reached XP level 10. HP: 56/56 MP: 10/10
  6433 | D:7      | Reached skill level 10 in Dodging
  6654 | D:7      | Reached skill level 5 in Shields
  6669 | D:7      | Gained mutation: You are robust. (+10% HP) [mutagenic meat]
  6670 | D:7      | Gained mutation: Your spells are a little harder to cast, but a little more powerful. [mutagenic meat]
  6671 | D:7      | Gained mutation: Armour fits poorly on your strangely shaped body. [mutagenic meat]
  6673 | D:7      | Lost mutation: You are robust. (+10% HP) [mutagenic meat]
  6921 | D:7      | Found an ancient bone altar of Kikubaaqudgha.
  6939 | D:7      | Reached ***** piety under Trog
  7086 | D:7      | Found a deep blue altar of Sif Muna.
  7105 | D:7      | Received a gift from Trog
  7105 | D:7      | Reached skill level 12 in Short Blades
  7524 | D:8      | Noticed a two-headed ogre
  7543 | D:8      | Killed a two-headed ogre
  7732 | D:8      | Reached XP level 11. HP: 60/60 MP: 3/11
  7943 | D:8      | Found Digac's Assorted Antiques.
  7953 | D:8      | Bought a fizzy orange potion for 21 gold pieces
  7953 | D:8      | Bought a scroll labeled ZIUJASTU ROF EJO for 24 gold pieces
  7953 | D:8      | Bought a brown potion for 21 gold pieces
  8004 | D:8      | Found a shadowy altar of Dithmenos.
  8165 | D:8      | Found a shattered altar of Ashenzari.
  8592 | D:9      | Noticed a two-headed ogre
  8608 | D:9      | Killed a two-headed ogre
  8608 | D:9      | Reached skill level 13 in Short Blades
  8676 | D:9      | Found a sparkling altar of Nemelex Xobeh.
  9009 | D:9      | Noticed a two-headed ogre
  9031 | D:9      | Killed a two-headed ogre
  9382 | D:9      | Found a hide-covered altar of Uskayaw.
  9485 | D:9      | Reached skill level 14 in Short Blades
  9548 | D:9      | Found a bloodstained altar of Trog.
  9549 | D:9      | Noticed a wizard
  9555 | D:9      | Killed a wizard
  9710 | D:10     | Entered Level 10 of the Dungeon
  9848 | D:10     | Noticed a two-headed ogre
  9876 | D:10     | Killed a two-headed ogre
  9876 | D:10     | Reached skill level 5 in Fighting
  9957 | D:10     | Reached XP level 12. HP: 68/68 MP: 4/12
 10252 | D:10     | Found a staircase to the Orcish Mines.
 10310 | D:10     | Received a gift from Trog
 10733 | D:10     | Noticed a two-headed ogre
 10751 | D:10     | Killed a two-headed ogre
 10832 | D:10     | Noticed a death knight
 10838 | D:10     | Killed a death knight
 10838 | D:10     | Reached skill level 10 in Stealth
 10974 | D:10     | Slain by an enormous slime creature

Skill      XL: |  1  2  3  4  5  6  7  8  9 10 11 12 |
---------------+-------------------------------------+-----
Stealth        | 2 3 4 5 7 10 | 10.3
Short Blades   | 5 6 7 9 11 12 14 | 14.0
Dodging        | 4 5 6 8 9 11 12 | 12.8
Shields        | 2 4 5 6 |  6.0
Fighting       | 5 7 |  7.5
Armour         | |  1.5

Action                   |  1- 3 |  4- 6 |  7- 9 | 10-12 || total
-------------------------+-------+-------+-------+-------++-------
Melee: Short sword       |   100 |   139 |    86 |       ||   325
       Rapier            |       |       |   437 |   173 ||   610
       Quick blade       |       |       |       |   948 ||   948
Invok: Berserk           |     2 |     3 |     8 |    10 ||    23
       Trog's Hand       |       |       |       |     1 ||     1
  Use: Scroll            |       |       |     6 |     6 ||    12
       Potion            |       |       |       |     9 ||     9
 Stab: Sleeping          |     2 |     6 |    16 |    12 ||    36
       Distracted        |       |       |     2 |       ||     2
  Eat: Chunk             |    11 |     6 |    21 |    29 ||    67
Armor: Animal skin       |    16 |    18 |     9 |       ||    43
       Leather armour    |       |       |    43 |    45 ||    88
Dodge: Dodged            |    92 |   117 |   348 |   378 ||   935
Block: Buckler           |       |       |    55 |   172 ||   227
